 Dungeon Crawl Stone Soup version 0.22-a0-354-g30dfbe6fde (webtiles) character file.

78719 meguca1 the Bludgeoner (level 15, -7/141 HPs)
             Began as a Minotaur Berserker on Apr 17, 2018.
             Was an Elder of Trog.
             Mangled by a cyan very ugly thing (26 damage)
             ... on level 15 of the Dungeon on May 2, 2018.
             The game lasted 01:24:31 (23740 turns).

meguca1 the Bludgeoner (Minotaur Berserker)        Turns: 23740, Time: 01:24:33

Health: -7/141     AC: 27    Str: 22    XL:     15   Next: 19%
Magic:  14/14      EV: 10    Int:  7    God:    Trog [****..]
Gold:   1398       SH:  0    Dex: 16    Spells: 14/14 levels left

rFire    . . .     SeeInvis .   e - +3 great mace (crush)
rCold    + . .     Gourm    .   (shield currently unavailable)
rNeg     + . .     Faith    .   f - +1 plate armour {rPois}
rPois    +         Spirit   .   r - +2 hat
rElec    .         Reflect  .   R - +2 cloak
rCorr    .         Harm     .   v - +0 pair of gloves
MR       +++..                  t - +0 pair of boots
Stlth    ..........             k - amulet of regeneration
HPRegen  1.73/turn              x - ring of positive energy
MPRegen  0.14/turn              z - +3 ring of intelligence

@: berserk cooldown, regenerating, slowed, very slow
A: retaliatory headbutt, horns 2, cold resistance 1
a: Berserk, Trog's Hand, Brothers in Arms, Renounce Religion


You were on level 15 of the Dungeon.
You worshipped Trog.
Trog was greatly pleased with you.
You were very hungry.

You visited 4 branches of the dungeon, and saw 24 of its levels.
You also visited: Bailey.

You collected 2068 gold pieces.
You spent 670 gold pieces at shops.

Inventory:

Hand Weapons
 e - a +3 great mace of crushing (weapon)
 N - a +9 great mace of holy wrath
Missiles
 M - 66 tomahawks of returning (quivered)
Armour
 b - a +4 plate armour of fire resistance
 f - a +1 plate armour of poison resistance (worn)
 r - a +2 hat (worn)
 t - a +0 pair of boots (worn)
 v - a +0 pair of gloves (worn)
 Q - a +1 plate armour of cold resistance
 R - a +2 cloak (worn)
Jewellery
 k - an amulet of regeneration (around neck)
 x - a ring of positive energy (left hand)
 z - a +3 ring of intelligence (right hand)
 C - an uncursed ring of poison resistance
 F - an uncursed amulet of guardian spirit {unknown}
 K - an uncursed amulet of faith
 T - a +5 ring of dexterity
Wands
 q - a wand of polymorph (21)
 E - a wand of iceblast (41)
 I - a wand of enslavement (37)
 J - a wand of clouds (3)
 L - a wand of flame (41)
 V - a wand of digging (32)
 W - a wand of scattershot (8)
 Y - a wand of random effects (33)
Scrolls
 d - 2 scrolls of noise {unknown}
 g - 2 scrolls of magic mapping
 h - 5 scrolls of identify
 i - 8 scrolls of teleportation
 p - 4 scrolls of blinking
 s - 10 scrolls of remove curse
 u - 3 scrolls of fear
 A - 2 scrolls of enchant armour
 D - 3 scrolls of fog
 O - a scroll of brand weapon
 S - a scroll of acquirement {unknown}
Potions
 a - 2 potions of berserk rage
 j - 2 potions of lignification
 l - 8 potions of magic
 m - a potion of haste
 n - 2 potions of brilliance
 o - 10 potions of curing
 w - 3 potions of agility
 B - 3 potions of invisibility
 H - a potion of ambrosia {unknown}
 P - a potion of flight {unknown}
 U - 2 potions of degeneration {unknown}
 X - a potion of heal wounds
 Z - 2 potions of might
Comestibles
 c - 33 rations


   Skills:
 * Level 15.4 Fighting
 - Level 20.9 Maces & Flails
 + Level 1.8 Throwing
 + Level 15.9 Armour
 + Level 4.4 Dodging
 + Level 1.2 Stealth


You had 14 spell levels left.
You didn't know any spells.

Dungeon Overview and Level Annotations

Branches:
Dungeon (15/15)            Temple (0/1) D:5            Lair (6/6) D:11
  Swamp (0/4) Lair:3       Spider (0/4) Lair:2        Slime (0/5) Lair:5
    Orc (2/2) D:9             Elf (0/3) Orc:2        Vaults (0/5) D:13
 Depths (1/5) D:15

Altars:
Cheibriados
Dithmenos
Elyvilon
Fedhas
Hepliaklqana
Makhleb
Okawaru
Qazlal
Ru
Sif Muna
Vehumet
Yredelemnul
Beogh
Jiyva

Shops:
D:6 %   Orc:2 ([%%


Innate Abilities, Weirdness & Mutations

You reflexively headbutt those who attack you in melee.
You have a pair of horns on your head.
Your flesh is cold resistant. (rC+)


Message History

The cyan very ugly thing shocks you!!
* * * LOW HITPOINT WARNING * * *
Your ogre hits the cyan very ugly thing with a giant club!
The cyan very ugly thing headbutts you but does no damage.
Your ogre barely misses the cyan very ugly thing. x2
You hear a shout!
The cyan very ugly thing closely misses you.
You closely miss the cyan very ugly thing.
You headbutt the cyan very ugly thing!
The cyan very ugly thing is heavily wounded.
Your ogre closely misses the cyan very ugly thing.
The cyan very ugly thing headbutts you but does no damage.
You closely miss the cyan very ugly thing.
You headbutt the cyan very ugly thing.
The cyan very ugly thing is heavily wounded.
Your ogre barely misses the cyan very ugly thing.
The cyan very ugly thing headbutts you.
* * * LOW HITPOINT WARNING * * *
The cyan very ugly thing shocks you!!
You die...

.....................#........#
.....................#........#
.....................#........#
#############........#.#'######
#...........#........###......#
#...........#.................#
#...........#.####............#
#...........#.#..#######......#
#...........#.#.@# ####......#
#........#''#.##u####>##......#
#..#####.#....#..O.O.###......#
#..'...#.#....#≈.#.≈)# #......#
#..#...#.##'#.#..#...# #......#
#..#...#....#.#.####.####)....#
#..#####....#....#......#.....#
#.........†.#..≈...≈.#..#.....#
#...........#....########.....#


You could see a cyan very ugly thing and a friendly ogre (berserk).

Vanquished Creatures
  Rupert (Lair:4)
  Gastronok (D:8)
  2 stone giants
  Snorg (Lair:6)
  An ettin (D:15)
  A catoblepas (D:13)
  8 hydras
  An anaconda (shapeshifter) (D:15)
  2 centaur warriors
  4 two-headed ogres
  A death knight (D:13)
  A tengu warrior (D:13)
  An orc high priest (Orc:2)
  Nergalle (D:12)
  5 unseen horrors
  2 wizards (D:13)
  Pikel (D:7)
  A phantasmal warrior (D:13)
  A necromancer (D:13)
  A harpy (Lair:6)
  2 orc knights
  2 cyclopes
  2 oklob plants
  A wolf spider (D:15)
  4 deep elf magi
  A manticore (D:15)
  2 orc sorcerers
  An ugly thing (D:13)
  14 elephants
  7 spiny frogs
  Psyche (D:9)
  Joseph (D:8)
  5 black mambas
  2 torpor snails
  2 gargoyles
  2 centaur skeletons
  3 rime drakes (Lair:6)
  5 komodo dragons
  2 freezing wraiths (D:13)
  A queen bee (Lair:4)
  6 trolls
  2 wind drakes (Lair:6)
  A polar bear (Lair:6)
  2 meliai (Lair:4)
  3 hornets
  2 slime creatures (D:15)
  Prince Ribbit (D:9)
  4 hippogriffs
  6 dream sheep
  Sigmund (D:3)
  2 wraiths
  A spriggan (D:7)
  23 yaks
  6 wyverns
  4 basilisks
  A golden eye (shapeshifter) (D:15)
  3 steam dragons
  3 hungry ghosts
  2 vampire mosquitoes (D:11)
  A soldier ant (D:10)
  The ghost of soonmide the Gusty, an amateur TeAE of Vehumet (D:3)
  2 acid dragons (Lair:5)
  12 water moccasins
  8 porcupines
  2 hornet zombies
  27 orc warriors
  2 black bears (D:11)
  2 swamp drakes
  4 ice beasts
  A phantom (D:6)
  15 centaurs
  An eye of draining (D:12)
  15 ogres
  19 crocodiles
  5 big kobolds
  13 bullfrogs
  A wyvern skeleton (D:8)
  2 scorpions
  14 killer bees (Lair:4)
  16 wights
  An electric eel (Lair:3)
  7 crimson imps
  5 bullfrog zombies
  An iron imp (D:9)
  Crazy Yiuf (D:2)
  6 hounds
  7 jellies
  10 orc priests
  5 bullfrog skeletons
  4 iguanas
  27 orc wizards
  11 worker ants
  Natasha (thrice) (D:2)
  14 hell rats
  A killer bee zombie (D:10)
  A hound skeleton (D:8)
  3 howler monkey zombies
  20 gnolls
  A worker ant zombie (D:5)
  A howler monkey skeleton (D:11)
  12 adders
  16 river rats (Lair:2)
  A shadow imp (D:9)
  9 white imps
  3 oozes
  An adder zombie (D:5)
  An adder skeleton (D:9)
  2 worms
  5 dart slugs
  6 leopard geckos
  87 orcs
  7 giant cockroaches
  7 goblins
  23 hobgoblins
  18 jackals
  32 kobolds
  10 quokkas
  5 ball pythons
  12 bats
  A frilled lizard (D:4)
  2 leopard gecko skeletons
  9 rats
  3 bushes (Lair:6)
  2 fungi (D:11)
  3 plants
739 creatures vanquished.

Vanquished Creatures (collateral kills)
  An orc warlord (Orc:2)
  Nessos (Lair:4)
  A centaur warrior (D:14)
  A merfolk avatar (Lair:6)
  A two-headed ogre (Orc:2)
  An orc knight (Orc:2)
  An orc sorcerer (Orc:1)
  2 black mambas (Lair:4)
  2 spiny frogs
  A gargoyle (D:14)
  A komodo dragon (Lair:6)
  A polar bear (Lair:6)
  A hornet (Lair:6)
  2 wind drakes (Lair:6)
  A basilisk (Lair:4)
  3 yaks (Lair:2)
  An acid dragon (D:14)
  7 orc warriors (Orc:2)
  An ice beast (D:8)
  2 centaurs (D:6)
  An ogre (D:6)
  2 big kobolds
  2 gnoll sergeants
  6 orc wizards
  A jelly (D:8)
  10 orc priests
  An iguana (D:14)
  7 gnolls
  4 white imps (Lair:3)
  18 orcs
  2 hobgoblins (D:6)
  2 kobolds (D:6)
88 creatures vanquished.

Vanquished Creatures (others)
  A slave (D:7)
  A centaur (D:13)
  A scorpion (D:7)
  A worker ant (D:7)
  12 fungi (Lair:6)
  23 plants
39 creatures vanquished.

Grand Total: 866 creatures vanquished

Notes
Turn   | Place    | Note
-------+----------+-------------------------------------------
     0 | D:1      | meguca1 the Minotaur Berserker began the quest for the Orb.
     0 | D:1      | Reached XP level 1. HP: 19/19 MP: 0/0
   174 | D:1      | Reached skill level 4 in Maces & Flails
   190 | D:1      | Reached XP level 2. HP: 17/27 MP: 1/1
   557 | D:1      | Reached XP level 3. HP: 33/33 MP: 2/2
   964 | D:2      | Reached ** piety under Trog
   977 | D:2      | Noticed Natasha
   986 | D:2      | Killed Natasha
   986 | D:2      | Reached skill level 5 in Maces & Flails
   986 | D:2      | Reached XP level 4. HP: 25/40 MP: 3/3
  1024 | D:2      | Found a sacrificial altar of Ru.
  1230 | D:2      | Noticed Natasha
  1235 | D:2      | Killed Natasha
  1272 | D:2      | Noticed Natasha
  1279 | D:2      | Killed Natasha
  1290 | D:2      | Found a runed door.
  1369 | D:2      | Noticed Crazy Yiuf
  1375 | D:2      | Killed Crazy Yiuf
  1375 | D:2      | Reached XP level 5. HP: 46/46 MP: 4/4
  1618 | D:3      | Noticed soonmide's ghost (amateur TeAE)
  1632 | D:3      | Killed soonmide's ghost
  1632 | D:3      | Reached skill level 6 in Maces & Flails
  1632 | D:3      | Reached XP level 6. HP: 42/53 MP: 5/5
  1921 | D:3      | Noticed Sigmund
  1928 | D:3      | Killed Sigmund
  1928 | D:3      | Reached skill level 7 in Maces & Flails
  1951 | D:3      | Found a shadowy altar of Dithmenos.
  1974 | D:3      | Reached skill level 5 in Armour
  2040 | D:3      | Reached XP level 7. HP: 56/60 MP: 6/6
  2435 | D:4      | Reached *** piety under Trog
  2861 | D:4      | Found a basalt altar of Yredelemnul.
  2861 | D:4      | Found a stormy altar of Qazlal.
  2873 | D:4      | Found a hazy altar of Hepliaklqana.
  2880 | D:4      | Found a snail-covered altar of Cheibriados.
  2882 | D:4      | Found a faded altar of an unknown god.
  3003 | D:5      | Entered Level 5 of the Dungeon
  3162 | D:5      | Reached skill level 8 in Maces & Flails
  3253 | D:5      | Found a staircase to the Ecumenical Temple.
  3465 | D:5      | Found a deep blue altar of Sif Muna.
  4186 | D:6      | Reached skill level 5 in Fighting
  4203 | D:6      | Reached skill level 9 in Maces & Flails
  4203 | D:6      | Reached XP level 8. HP: 47/68 MP: 7/7
  4342 | D:6      | Reached **** piety under Trog
  4511 | D:6      | Reached skill level 10 in Maces & Flails
  4581 | D:6      | Found Tevuf's Food Boutique.
  4697 | D:6      | Reached skill level 11 in Maces & Flails
  4706 | D:6      | Reached XP level 9. HP: 6/75 MP: 8/8
  5443 | D:7      | Noticed Pikel
  5451 | D:7      | Killed Pikel
  5451 | D:7      | Reached skill level 12 in Maces & Flails
  5855 | D:7      | Found a burning altar of Makhleb.
  6010 | D:8      | Reached skill level 13 in Maces & Flails
  6015 | D:8      | Noticed Joseph
  6030 | D:8      | Killed Joseph
  6073 | D:8      | Reached XP level 10. HP: 82/86 MP: 9/9
  6110 | D:8      | Noticed Gastronok
  6124 | D:8      | Killed Gastronok
  6124 | D:8      | Reached skill level 14 in Maces & Flails
  6129 | D:8      | Reached ***** piety under Trog
  6204 | D:8      | Noticed a two-headed ogre
  6217 | D:8      | Killed a two-headed ogre
  6927 | D:8      | Found a blossoming altar of Fedhas.
  7265 | D:9      | Reached skill level 15 in Maces & Flails
  7371 | D:9      | Noticed a deep elf mage
  7377 | D:9      | Killed a deep elf mage
  7377 | D:9      | Reached skill level 10 in Armour
  7377 | D:9      | Reached XP level 11. HP: 68/95 MP: 10/10
  7388 | D:9      | Noticed a deep elf mage
  7398 | D:9      | Killed a deep elf mage
  7624 | D:9      | Found a staircase to the Orcish Mines.
  7815 | Orc:1    | Entered Level 1 of the Orcish Mines
  8025 | Orc:1    | Noticed an orc sorcerer
  8025 | Orc:1    | Paralysed by an orc sorcerer for 4 turns
  8030 | Orc:1    | Noticed an orc sorcerer
  8036 | Orc:1    | Paralysed by an orc sorcerer for 4 turns
  8042 | Orc:1    | Killed an orc sorcerer
  8047 | Orc:1    | Killed an orc sorcerer
  8052 | Orc:1    | Noticed an orc knight
  8094 | D:9      | Killed an orc knight
  8459 | Orc:1    | Noticed a stone giant
  8473 | Orc:1    | Killed a stone giant
  8473 | Orc:1    | Reached skill level 16 in Maces & Flails
  8662 | Orc:2    | Entered Level 2 of the Orcish Mines
  8675 | Orc:2    | Found a staircase to the Elven Halls.
  8721 | Orc:2    | Found a roughly hewn altar of Beogh.
  8723 | Orc:2    | Noticed an orc knight
  8740 | Orc:2    | Killed an orc knight
  8740 | Orc:2    | Reached skill level 10 in Fighting
  8752 | Orc:2    | Found Gugiamir's Food Shop.
  8903 | Orc:2    | Received a gift from Trog
  9413 | Orc:2    | Noticed a two-headed ogre
  9415 | Orc:2    | Found a roughly hewn altar of Beogh.
  9420 | Orc:2    | Killed a two-headed ogre
  9438 | Orc:2    | Found Haapnu's Food Shoppe.
  9634 | Orc:2    | Noticed an orc high priest
  9636 | Orc:2    | Noticed an orc sorcerer
  9637 | Orc:2    | Noticed a soul eater
  9637 | Orc:2    | Noticed a soul eater
  9639 | Orc:2    | Noticed a two-headed ogre
  9665 | Orc:2    | Killed an orc sorcerer
  9671 | Orc:2    | Killed a two-headed ogre
  9671 | Orc:2    | Reached XP level 12. HP: 61/107 MP: 11/11
  9676 | Orc:2    | Killed an orc high priest
  9847 | Orc:2    | Noticed an orc warlord
  9897 | Orc:2    | Received a gift from Trog
 10092 | Orc:2    | Killed an orc warlord
 10161 | Orc:2    | Found Xehoytz's Antique Armour Shop.
 10166 | Orc:2    | Found a roughly hewn altar of Beogh.
 10169 | Orc:2    | Found Reemeic's Antique Weapon Boutique.
 10189 | Orc:2    | Bought a runed plate armour for 520 gold pieces
 10189 | Orc:2    | Bought an embroidered cloak for 150 gold pieces
 10421 | Orc:2    | Found a radiant altar of Vehumet.
 10495 | Orc:2    | Found a roughly hewn altar of Beogh.
 10540 | Orc:2    | Reached skill level 17 in Maces & Flails
 10961 | D:9      | Noticed Psyche
 10970 | D:9      | Killed Psyche
 11017 | D:9      | Noticed Prince Ribbit
 11024 | D:9      | Killed Prince Ribbit
 11229 | D:10     | Entered Level 10 of the Dungeon
 11533 | D:10     | Received a gift from Trog
 11805 | D:11     | Reached skill level 1 in Throwing
 11992 | D:11     | Paralysed by a hornet for 3 turns
 12361 | D:11     | Reached skill level 18 in Maces & Flails
 12377 | D:11     | Found a staircase to the Lair.
 12386 | Lair:1   | Entered Level 1 of the Lair of Beasts
 12403 | Lair:1   | Noticed a four-headed hydra
 12415 | Lair:1   | Killed a four-headed hydra
 12415 | Lair:1   | Reached skill level 1 in Stealth
 13125 | Lair:2   | Found a hole to the Spider Nest.
 13411 | Lair:2   | Found an iron altar of Okawaru.
 13619 | Lair:2   | Reached XP level 13. HP: 109/117 MP: 12/12
 13672 | Lair:2   | Gained mutation: Potions are less effective at restoring your health. [potion of mutation]
 13672 | Lair:2   | Gained mutation: Your magical capacity is low. (-10% MP) [potion of mutation]
 13672 | Lair:2   | Gained mutation: You expend magic power (3 MP) to strengthen your wands. [potion of mutation]
 13674 | Lair:2   | Lost mutation: You expend magic power (3 MP) to strengthen your wands. [potion of mutation]
 13674 | Lair:2   | Lost mutation: Your magical capacity is low. (-10% MP) [potion of mutation]
 13674 | Lair:2   | Gained mutation: You tend to lose your temper in combat. [potion of mutation]
 13674 | Lair:2   | Gained mutation: You evolve. [potion of mutation]
 13675 | Lair:2   | Lost mutation: Potions are less effective at restoring your health. [potion of mutation]
 13675 | Lair:2   | Lost mutation: You tend to lose your temper in combat. [potion of mutation]
 13675 | Lair:2   | Lost mutation: You evolve. [potion of mutation]
 13675 | Lair:2   | Gained mutation: Scrolls take you a little longer to read. [potion of mutation]
 13675 | Lair:2   | Gained mutation: You have large cloven feet. [potion of mutation]
 13675 | Lair:2   | Gained mutation: You evolve. [potion of mutation]
 13676 | Lair:2   | Lost mutation: You have large cloven feet. [potion of mutation]
 13676 | Lair:2   | Lost mutation: Scrolls take you a little longer to read. [potion of mutation]
 13676 | Lair:2   | Gained mutation: Your body sometimes deteriorates upon taking damage. [potion of mutation]
 13677 | Lair:2   | Lost mutation: Your body sometimes deteriorates upon taking damage. [potion of mutation]
 13677 | Lair:2   | Gained mutation: You have very sharp teeth. [potion of mutation]
 13677 | Lair:2   | Gained mutation: You tend to lose your temper in combat. [potion of mutation]
 13677 | Lair:2   | Gained mutation: You are agile. (Dex +2) [potion of mutation]
 13845 | Lair:2   | Gained mutation: You are dopey. (Int -2) [evolution]
 14297 | Lair:3   | Found a frozen archway.
 14405 | Lair:3   | Received a gift from Trog
 14548 | Lair:3   | Reached skill level 19 in Maces & Flails
 15000 | Lair:3   | Found a staircase to the Swamp.
 15807 | Lair:4   | Noticed Nessos
 15817 | Lair:4   | Killed Nessos
 16258 | Lair:4   | Noticed Rupert
 16268 | Lair:4   | Killed Rupert
 16349 | Lair:4   | Received a gift from Trog
 16361 | Lair:4   | You fall through a shaft for 2 floors!
 16361 | Lair:6   | Entered Level 6 of the Lair of Beasts
 16456 | Lair:6   | Lost mutation: You are dopey. (Int -2) [evolution]
 16715 | Lair:6   | Received a gift from Trog
 16715 | Lair:6   | Reached skill level 20 in Maces & Flails
 16792 | Lair:6   | Reached XP level 14. HP: 58/129 MP: 13/13
 16890 | Lair:6   | Noticed Snorg
 16897 | Lair:6   | Killed Snorg
 18641 | Lair:5   | You fall through a shaft!
 18734 | Lair:5   | Found a runed door.
 18735 | Lair:5   | Found a viscous altar of Jiyva.
 18737 | Lair:5   | Found a staircase to the Slime Pits.
 19607 | D:11     | Lost mutation: You are agile. (Dex +2) [evolution]
 19635 | D:12     | Noticed Nergalle
 19644 | D:12     | Killed Nergalle
 19833 | D:12     | Found a white marble altar of Elyvilon.
 20376 | D:13     | Found a gate to the Vaults.
 20420 | D:13     | Reached skill level 15 in Armour
 21500 | D:14     | Found a flagged portal.
 21507 | D:14     | Received a gift from Trog
 21571 | Bailey   | Entered a bailey
 21746 | Bailey   | Lost mutation: You evolve. [potion of mutation]
 21746 | Bailey   | Lost mutation: You have very sharp teeth. [potion of mutation]
 21746 | Bailey   | Lost mutation: You tend to lose your temper in combat. [potion of mutation]
 21746 | Bailey   | Gained mutation: You have sharp toenails. [potion of mutation]
 21746 | Bailey   | Lost mutation: You have sharp toenails. [potion of mutation]
 21746 | Bailey   | Gained mutation: Your flesh is cold resistant. (rC+) [potion of mutation]
 22770 | D:15     | Entered Level 15 of the Dungeon
 22892 | D:15     | Reached XP level 15. HP: 139/139 MP: 14/14
 22990 | D:15     | Reached skill level 15 in Fighting
 23105 | D:15     | Found a staircase to the Depths.
 23166 | Depths:1 | Entered Level 1 of the Depths
 23740 | D:15     | Mangled by a cyan very ugly thing

Vault maps used:
D:1:      saegor_arrival_simple_e
D:2:      nicolae_ru_the_path_less_chosen, uniq_natasha, uniq_crazy_yiuf_cottage
D:3:      serial_park_tiny_1, minmay_crystal_water,
          nicolae_dithmenos_through_a_glass_darkly, uniq_sigmund
D:4:      chequers_temple_overflow_minitemple
D:5:      led_sif_pool, minmay_temple_entry_hall, first_ration
D:6:      kennysheep_housing_project, serial_shops, nicolae_shop_statue_plus
D:7:      basic_altar, the_bakery, uniq_pikel
D:8:      lemuel_coloured_pillars_altar, minivault_27, minivault_1, uniq_joseph,
          uniq_gastronok
D:9:      kennysheep_orc_monster_closet_entryway, hangedman_minor_magic,
          uniq_psyche, uniq_prince_ribbit1
D:11:     grunt_lair_entry_orc_guard_hut
D:12:     elyvilon_altar_4, uniq_nergalle
D:13:     david_vaults_1
D:14:     enter_bailey_2, minivault_27, kennysheep_crisscross,
          kennysheep_pointless_box
D:15:     hangedman_depths_entry_try_elsewhere_first,
          nicolae_tso_carved_into_rock, spider_trap, minmay_misc_feat_pillars
Lair:2:   lemuel_ratsnest, spider_nest_entry_web_field, basic_altar,
          minmay_lair_oklob_chamber
Lair:3:   swamp_mist_pool, portal_ice_cave_entry_imps, infiniplex_staircase_pool
Lair:4:   special_room, grunt_megastairs_3, infiniplex_staircase_pool_2,
          uniq_rupert, uniq_nessos
Lair:5:   slime_altar_2, guppyfry_lair_drakes, grunt_megastairs_2,
          serial_bayou_shore_b
Lair:6:   gammafunk_lair_ancient_temple, minmay_lair_oklob_bushes, uniq_snorg
Orc:1:    roderic_batcave
Orc:2:    grunt_orc_community_town_hall, grunt_orc_community_big_house_1,
          grunt_orc_community_big_house_1, grunt_orc_community_house_3,
          grunt_orc_community_house_1, grunt_orc_community_house_1,
          grunt_orc_community_house_2, basic_altar, lightli_orcish_oven
Depths:1: pf_hell_entry_great_geh, dk_noncrumbling_3, evilmike_ambush
Bailey:   bailey_axe_2, bailey

Skill      XL: |  1  2  3  4  5  6  7  8  9 10 11 12 13 14 15 |
---------------+----------------------------------------------+-----
Maces & Flails | 4 5 6 7 9 11 13 15 16 18 20 | 20.9
Fighting       | 4 5 6 7 8 10 11 13 14 15 | 15.4
Armour         | 3 4 5 7 8 10 11 12 14 15 | 15.9
Dodging        | 3 4 |  4.4
Throwing       | 1 |  1.8
Stealth        | 1 |  1.2

Action                   |  1- 3 |  4- 6 |  7- 9 | 10-12 | 13-15 || total
-------------------------+-------+-------+-------+-------+-------++-------
Melee: Mace              |    56 |    49 |       |       |       ||   105
       Headbutt          |     8 |    14 |    70 |   125 |   195 ||   412
       Flail             |       |    44 |   273 |    66 |       ||   383
       Dire flail        |       |       |       |   310 |       ||   310
       Great mace        |       |       |       |   212 |   809 ||  1021
       Bite              |       |       |       |       |    84 ||    84
Throw: Tomahawk          |       |       |       |    11 |     5 ||    16
Invok: Berserk           |       |     3 |     4 |    10 |    10 ||    27
       Brothers in Arms  |       |       |     1 |    12 |     9 ||    22
       Trog's Hand       |       |       |       |       |     1 ||     1
  Use: Scroll            |       |     2 |       |     7 |    19 ||    28
       Potion            |       |       |     1 |     3 |    12 ||    16
  Eat: Chunk             |       |     7 |    10 |    23 |    17 ||    57
       Ration            |       |       |     2 |     6 |     8 ||    16
Armor: Animal skin       |     1 |       |       |       |       ||     1
       Ring mail         |    33 |    17 |       |       |       ||    50
       Chain mail        |       |    11 |    24 |       |       ||    35
       Scale mail        |       |     8 |       |       |       ||     8
       Plate armour      |       |       |   165 |   399 |   969 ||  1533
Dodge: Dodged            |    48 |    61 |   130 |   251 |   473 ||   963

Table legend:
 A = Spawn XP
 B = Non-spawn XP
 C = Spawn XP percentage of total XP
 D = Spawn monster count
 E = Non-spawn monster count
 F = Spawn count percentage of total count
 G = Total turns spent on level
                    A         B        C        D         E        F      G
               +---------+---------+-------+---------+---------+-------+---------
         Total |       0 |  112457 |   0.0 |       0 |     819 |   0.0 | 23740
               +---------+---------+-------+---------+---------+-------+---------
           D:1 |       0 |      42 |   0.0 |       0 |      22 |   0.0 |   849
           D:2 |       0 |     185 |   0.0 |       0 |      19 |   0.0 |   707
           D:3 |       0 |     549 |   0.0 |       0 |      35 |   0.0 |   826
           D:4 |       0 |     137 |   0.0 |       0 |      17 |   0.0 |   621
           D:5 |       0 |     177 |   0.0 |       0 |      14 |   0.0 |  1146
           D:6 |       0 |    2236 |   0.0 |       0 |      54 |   0.0 |  1285
           D:7 |       0 |    1328 |   0.0 |       0 |      14 |   0.0 |   556
           D:8 |       0 |    5237 |   0.0 |       0 |      33 |   0.0 |  1075
           D:9 |       0 |    5587 |   0.0 |       0 |      68 |   0.0 |  1412
          D:10 |       0 |    1427 |   0.0 |       0 |      15 |   0.0 |   549
          D:11 |       0 |    5621 |   0.0 |       0 |      39 |   0.0 |   909
          D:12 |       0 |    3972 |   0.0 |       0 |      18 |   0.0 |   649
          D:13 |       0 |   12298 |   0.0 |       0 |      51 |   0.0 |  1097
          D:14 |       0 |    3263 |   0.0 |       0 |      23 |   0.0 |   839
          D:15 |       0 |   11435 |   0.0 |       0 |      23 |   0.0 |   963
        Lair:1 |       0 |    2574 |   0.0 |       0 |       7 |   0.0 |   724
        Lair:2 |       0 |    3648 |   0.0 |       0 |      49 |   0.0 |  1159
        Lair:3 |       0 |   10237 |   0.0 |       0 |      42 |   0.0 |  1185
        Lair:4 |       0 |    9976 |   0.0 |       0 |      33 |   0.0 |  1076
        Lair:5 |       0 |    5241 |   0.0 |       0 |      28 |   0.0 |   718
        Lair:6 |       0 |   14806 |   0.0 |       0 |      51 |   0.0 |  2086
         Orc:1 |       0 |    3503 |   0.0 |       0 |      33 |   0.0 |   757
         Orc:2 |       0 |    8131 |   0.0 |       0 |      97 |   0.0 |  1995
        Bailey |       0 |     847 |   0.0 |       0 |      34 |   0.0 |   550
               +---------+---------+-------+---------+---------+-------+---------
